 Dungeon Crawl Stone Soup version 0.32-a0-5-gbffa963729 (webtiles) character file.

Game seed: 1491332998645431046

418 Flugslaktarn the Trooper (level 6, 57/57 HPs)
             Began as a Minotaur Fighter on Jan 13, 2024.
             Was a Follower of Cheibriados.
             Quit the game on level 4 of the Dungeon.
             The game lasted 00:01:54 (3416 turns).

Flugslaktarn the Trooper (Minotaur Fighter)         Turns: 3416, Time: 00:01:55

Health: 57/57      AC: 13    Str: 24    XL:     6   Next: 61%
Magic:  6/6        EV:  8    Int:  7    God:    Cheibriados [*.....]
Gold:   240        SH:  5    Dex: 12    Spells: 5/5 levels left

rFire   x . .        a - +0 war axe (flame)
rCold   . . .        c - +0 buckler
rNeg    . . .        r - +0 chain mail
rPois   +            (helmet restricted)
rElec   .            (no cloak)
rCorr   .            z - +1 Delatra's gloves {ID++}
SInv    .            n - +0 pair of boots
Will    .....        (no amulet) Stlth
                     o - ring of poison resistance
HPRegen 0.29/turn    (no ring)
MPRegen 0.10/turn

%: no passive effects
@: very slow
A: horns 2, retaliatory headbutt, heat vulnerability 1
a: Renounce Religion, Bend Time


You were on level 4 of the Dungeon.
You worshipped Cheibriados.
Cheibriados was aware of your devotion.
You visited 1 branch of the dungeon, and saw 4 of its levels.

You collected 240 gold pieces.

Inventory:

Hand Weapons
 a - a +0 war axe of flaming (weapon)
 v - a +1 dagger of distortion
   (You took it off a kobold on level 3 of the Dungeon)
Armour
 c - a +0 buckler (worn)
 n - a +0 pair of boots (worn)
   (You found it on level 2 of the Dungeon)
 p - a +0 pair of gloves
   (You found it on level 2 of the Dungeon)
 r - a +0 chain mail (worn)
   (You found it on level 2 of the Dungeon)
 z - the +1 Delatra's gloves (worn) {ID++}
   (You found it on level 3 of the Dungeon)

   ID++:      It heals its wearer when they drink unknown potions, and restores
   their MP when they read unknown scrolls.
Jewellery
 o - a ring of poison resistance (left hand)
   (You found it on level 3 of the Dungeon)
 A - a +6 ring of intelligence
   (You found it on level 3 of the Dungeon)
Wands
 g - a wand of digging (5)
   (You found it on level 4 of the Dungeon)
 B - a wand of roots (2)
   (You found it on level 4 of the Dungeon)
Scrolls
 j - a scroll of amnesia {unknown}
 k - 2 scrolls of revelation
 m - a scroll of immolation {unknown}
 t - 2 scrolls of teleportation
 w - a scroll of identify {unknown}
 x - a scroll of torment {unknown}
 y - a scroll of poison {unknown}
 C - a scroll of vulnerability {unknown}
Potions
 b - 2 potions of lignification
 d - 2 potions of might
 e - a potion of brilliance {unknown}
 h - a potion of enlightenment {unknown}
 l - a potion of experience {unknown}
 q - a potion of invisibility {unknown}
 s - a potion of degeneration {unknown}
 u - 4 potions of heal wounds {unknown}


   Skills:
 * Level 5.7 Fighting
 * Level 5.1 Axes
 + Level 4.9 Armour
 + Level 4.8 Shields
 + Level 1.7 Invocations


You had 5 spell levels left.
You didn't know any spells.
Your spell library contained the following spells:

 Spells                   Type           Power      Damage    Failure   Level
 Slow                     Hex            0%         N/A       96%         1
 Confusing Touch          Hex            0%         N/A       100%        3
 Ozocubu's Armour         Ice            0%         N/A       100%        3
 Sigil of Binding         Hex            0%         N/A       100%        3
 Stone Arrow              Conj/Erth      0%         3d7       100%        3
 Vampiric Draining        Necr           0%         2d6       100%        3
 Volatile Blastmotes      Fire/Tloc      0%         2d10      100%        3
 Animate Armour           Summ/Erth      0%         N/A       100%        4
 Fulminant Prism          Conj/Alch      0%         3d5       100%        4
 Iskenderun's Mystic Bla  Conj/Tloc      0%         2d3       100%        4
 Metabolic Englaciation   Hex/Ice        0%         N/A       100%        5
 Sculpt Simulacrum        Ice/Alch       0%         N/A       100%        6
 Lehudib's Crystal Spear  Conj/Erth      0%         10d2      100%        8


Dungeon Overview and Level Annotations

Branches:
Dungeon (4/15)
 Temple: D:4-7

Altars:
Cheibriados
Hepliaklqana
Okawaru
Vehumet
Xom

Shops:
D:2 (

Annotations:
D:4 exclusion: statue


Innate Abilities, Weirdness & Mutations

You have a pair of horns on your head.
You reflexively headbutt those who attack you in melee.
You are vulnerable to heat. (rF-)


Message History

You hit the gnoll bouda. You burn the gnoll bouda.
Your headbutt misses the gnoll bouda.
The gnoll bouda is almost dead.
A scorpion comes into view.
The gnoll bouda utters an invocation to its god.
The gnoll bouda is healed somewhat.
The gnoll hits you from afar with a +0 spear.
The gnoll closely misses you.
The gnoll bouda hits you but does no damage.
You hit the gnoll bouda. You burn the gnoll bouda.
The gnoll bouda is almost dead.
The gnoll hits you but does no damage. The gnoll barely misses you.
The gnoll bouda barely misses you. You furiously retaliate!
You headbutt the gnoll bouda!
You kill the gnoll bouda!
Cheibriados appreciates the change of pace.
It was a potion of mutation.
You feel extremely strange.
You feel vulnerable to heat.
The energy of discovery flows from your fingertips!
You feel much better. The gnoll barely misses you.
The gnoll hits you from afar with a +0 halberd!
Unknown command.
Found 14 gold pieces.
Your attacks no longer feel as feeble.
The gnoll hits you with a +0 spear. You block the gnoll's attack.
The gnoll hits you with a +0 spear. The gnoll hits you with a +0 halberd!
Things that are here:
a +0 whip; a +0 leather armour You slash the gnoll!
You burn the gnoll.
You kill the gnoll!
Cheibriados appreciates the change of pace.
You hit the gnoll. You burn the gnoll. You block the gnoll's attack.
The scorpion stings you.
You slash the gnoll! You burn the gnoll.
You kill the gnoll!
Cheibriados appreciates the change of pace.
You barely miss the scorpion. The scorpion barely misses you.
You closely miss the scorpion.
The scorpion stings you but does no damage.
The scorpion closely misses you.
You barely miss the scorpion. Your headbutt misses the scorpion.
The scorpion closely misses you.
You hit the scorpion but do no damage. You block the scorpion's attack.
The scorpion stings you but does no damage.
You hit the scorpion. You burn the scorpion. Your headbutt misses the scorpion.
The scorpion is lightly wounded.
The scorpion completely misses you. You furiously retaliate!
You headbutt the scorpion. The scorpion stings you.
You slash the scorpion! You burn the scorpion.
You kill the scorpion!
Cheibriados appreciates the change of pace.
Your Axes skill increases to level 5!
You see here a scorpion corpse.
No target in view!
You now have 214 gold pieces (gained 14).
u - 4 bubbling inky potions (gained 1)
Found a stone staircase leading up.
You now have 226 gold pieces (gained 12).
e - a murky yellow potion You now have 240 gold pieces (gained 14).
A hobgoblin comes into view.
The hobgoblin shouts!
A hobgoblin is nearby!
The hobgoblin closely misses you.
You barely miss the hobgoblin. Your headbutt misses the hobgoblin.
The hobgoblin hits you but does no damage.
The hobgoblin barely misses you. You furiously retaliate!
You headbutt the hobgoblin!
You kill the hobgoblin!
Cheibriados appreciates the change of pace.
No target in view!
No target in view!
No target in view!
No target in view!
No target in view!
Found a ring mail.
No target in view!
A frost-covered statue comes into view.
Found a radiant altar of Vehumet.
Marking area around a frost-covered statue as unsafe for travelling.
You see here a +0 dagger.
There is a stone staircase leading down here.
Things that are here:
a +0 dagger; a +0 leather armour You see here a +0 club.
There is a stone staircase leading down here.
You see here a +0 club.
You see here a +0 halberd.
Partly explored, can't reach some places.
Partly explored, can't reach some places.
Partly explored, can't reach some places.
No target in view!
Partly explored, can't reach some places.
Unknown command.
Partly explored, can't reach some places.
Unknown command.
Partly explored, can't reach some places.
Partly explored, can't reach some places.
Okay, then.
Are you sure you want to abandon this character and quit the game? (Confirm with "yes".)

#...# ##..##...................
#...# #..#.#..................
#...# #..#.#...............<..
#...# #..#....................
#...# ##.......................
....#####.........#####..........
.............#.....###...........
.......).....##...............#..
#.............#.@........###.###.
#.....................##.###..#..
##............##.##...##..##.....
#............#...#......#..#...#
#............#...#...##.###...##
#............#...#...>.###....##
##...#######..#._.#.##....<..####
#..### ##.#...#.##.......###.
#..# #.#.8 #.###....#.##..


There were no monsters in sight!

Vanquished Creatures
  2 scorpions (D:4)
  A jelly (D:4)
  2 orc priests (D:4)
  A gnoll bouda (D:4)
  2 iguanas (D:4)
  3 gnolls (D:4)
  3 adders
  A ribbon worm (D:3)
  6 orcs
  2 bats (D:1)
  4 endoplasms
  2 giant cockroaches (D:2)
  6 goblins
  9 hobgoblins
  3 jackals (D:3)
  3 quokkas
  11 ball pythons
  4 frilled lizards
  7 kobolds
  4 rats
76 creatures vanquished.

Notes
Turn   | Place    | Note
-------+----------+-------------------------------------------
     0 | D:1      | Flugslaktarn the Minotaur Fighter began the quest for the
                  | Orb.
     0 | D:1      | Reached XP level 1. HP: 19/19 MP: 0/0
    91 | D:1      | HP: 1/20 [quokka (4)]
   178 | D:1      | Reached XP level 2. HP: 27/27 MP: 1/1
   668 | D:2      | Reached XP level 3. HP: 31/33 MP: 2/2
   689 | D:2      | Found Jieq's Weapon Emporium.
  1232 | D:3      | Reached XP level 4. HP: 41/41 MP: 3/3
  1309 | D:3      | Found the +1 Delatra's gloves {ID++}
  1358 | D:3      | Found a shimmering altar of Xom.
  1359 | D:3      | Found a hazy altar of Hepliaklqana.
  1359 | D:3      | Noticed a yak
  1360 | D:3      | Noticed a spectral ugly thing
  1360 | D:3      | Noticed a yak
  1471 | D:3      | Found a snail-covered altar of Cheibriados.
  1492 | D:3      | Became a worshipper of Cheibriados the Contemplative
  1747 | D:4      | Reached XP level 5. HP: 40/47 MP: 4/4
  1749 | D:4      | Reached skill level 5 in Fighting
  1749 | D:4      | Reached skill level 1 in Invocations
  1925 | D:4      | Reached * piety under Cheibriados
  1926 | D:4      | Reached XP level 6. HP: 37/56 MP: 5/5
  2085 | D:4      | Found an iron altar of Okawaru.
  2320 | D:4      | Gained mutation: You are vulnerable to heat. (rF-) [potion
                  | of mutation]
  2329 | D:4      | Reached skill level 5 in Axes
  2707 | D:4      | Found a radiant altar of Vehumet.
  3416 | D:4      | Quit the game

Illustrated notes

Levels and vault maps discovered:
D:1:      psy_arrival_whirlpool, layout_rooms, minivault_23
D:2:      layout_basic, serial_shops, nicolae_square_shop,
          minmay_strange_pillars
D:3:      layout_rooms, regret_index_temple_of_mockery, cheibrodos_worm_habitat,
          minmay_stone_trees_small
D:4:      layout_layer_cave, lemuel_crystal_altar, vehumet_statue, st_stairs_7

Skill      XL: |  1  2  3  4  5  6 |
---------------+-------------------+-----
Fighting       | 4 5 |  5.7
Axes           | 3 4 5 |  5.1
Armour         | 4 |  4.9
Shields        | 4 |  4.8
Invocations    | 1 |  1.7

Action                     |  1- 3 |  4- 6 || total
---------------------------+-------+-------++-------
  Melee: War axe           |    99 |    72 ||   171
         Headbutt          |     9 |     9 ||    18
    Use: Scroll            |     1 |     3 ||     4
         Potion            |       |     4 ||     4
 Armour: Scale mail        |    47 |       ||    47
         Chain mail        |    20 |    64 ||    84
         Skin              |       |    11 ||    11
  Dodge: Dodged            |    44 |    34 ||    78
  Block: Buckler           |    21 |    12 ||    33

Table legend: (Time is in decaauts)
 A = Elapsed time spent in this place.
 B = Non-inter-level travel time spent in this place.
 C = Inter-level travel time spent in this place.
 D = Time resting spent in this place.
 E = Time spent auto-exploring this place.
 F = Levels seen in this place.
 G = Mean time per level.
                   A        B        C        D        E       F      G
               +--------+--------+--------+--------+--------+-----+--------+
         Total |   4015 |   3967 |     48 |    240 |   3167 |   4 | 1003.8 |
       Dungeon |   4015 |   3967 |     48 |    240 |   3167 |   4 | 1003.8 |
               +--------+--------+--------+--------+--------+-----+--------+

Top non-repeatable levels by time:
     D:4: 2274 daAuts
     D:3: 654 daAuts
     D:2: 597 daAuts
     D:1: 489 daAuts
